3AAA
ELLENBURG FIGHTING DACHSUNDS @ PURE MICHIGAN GREAT LAKERS
09/06/2030
 
TOP OF THE 1ST
Ellenburg Fighting Dachsunds batting - Pitching for Pure Michigan Great Lakers : RHP Doran Turchin
Pitching: RHP Doran Turchin
Batting: LHB Dong-hwan Yun 0-0: Foul Ball, location: 2F
0-1: Ball
1-1: Swinging Strike
1-2: Strikes out swinging
Batting: LHB Vladya Pugiev 0-0: Ball
1-0: Called Strike
1-1: Ground out 3-1 (Groundball, 34S)
Batting: LHB Locke Lamora 0-0: Ball
1-0: Ball
2-0: Fly out, F7 (Flyball, 78S)
Top of the 1st over - 0 runs, 0 hits, 0 errors, 0 left on base; Ellenburg 0 - Pure Michigan 0
BOTTOM OF THE 1ST
Pure Michigan Great Lakers batting - Pitching for Ellenburg Fighting Dachsunds : RHP Addick Lubbers
Pitching: RHP Addick Lubbers
Batting: LHB Yoichibei Sato 0-0: Ball
1-0: Foul Ball, location: 2F
1-1: Ground out U3 (Groundball, 3)
Batting: RHB Martín Alejadre 0-0: Ball
1-0: Bunted foul
1-1: Ball
2-1: Foul Ball, location: 2F
2-2: Foul Ball, location: 2F
2-2: Ball
3-2: DOUBLE (Line Drive, 9LD)
Batting: LHB Josh Platt 0-0: Called Strike
0-1: Ball
1-1: Ball
2-1: SINGLE (Groundball, 4D)
Martín Alejadre to third
Runner from 3rd tries for Home, SAFE, no throw
Batting: LHB Bartolo Benítez 0-0: Called Strike
0-1: Swinging Strike
0-2: Ball
1-2: Strikes out swinging
Batting: RHB Kenneth Noid 0-0: Called Strike
0-1: Ball
1-1: Ball
2-1: Ball
3-1: Fielders Choice at 2nd, 6-4 (Groundball, 6)
Bottom of the 1st over - 1 run, 2 hits, 0 errors, 1 left on base; Ellenburg 0 - Pure Michigan 1
TOP OF THE 2ND
Ellenburg Fighting Dachsunds batting - Pitching for Pure Michigan Great Lakers : RHP Doran Turchin
Batting: LHB Ned Durand 0-0: Ball
1-0: Called Strike
1-1: Fly out, F9 (Flyball, 9)
Batting: RHB José Vázquez 0-0: Called Strike
0-1: Called Strike
0-2: Strikes out swinging
Batting: RHB Manny Bendixen 0-0: Ball
1-0: SINGLE (Groundball, 6D)
Batting: RHB Francis Kelly 0-0: Ball
1-0: Ball
2-0: Fly out, F9 (Line Drive, 9S)
Top of the 2nd over - 0 runs, 1 hit, 0 errors, 1 left on base; Ellenburg 0 - Pure Michigan 1
BOTTOM OF THE 2ND
Pure Michigan Great Lakers batting - Pitching for Ellenburg Fighting Dachsunds : RHP Addick Lubbers
Batting: LHB Floyd Long 0-0: Called Strike
0-1: Swinging Strike
0-2: Strikes out swinging
Batting: RHB Zong-yuan Fung 0-0: Called Strike
0-1: Ball
1-1: Ball
2-1: Called Strike
2-2: Foul Ball, location: 2F
2-2: Strikes out swinging
Batting: LHB César Muñóz 0-0: Fly out, F7 (Flyball, 7LMF)
Bottom of the 2nd over - 0 runs, 0 hits, 0 errors, 0 left on base; Ellenburg 0 - Pure Michigan 1
TOP OF THE 3RD
Ellenburg Fighting Dachsunds batting - Pitching for Pure Michigan Great Lakers : RHP Doran Turchin
Batting: RHB Daniel Riley 0-0: Ball
1-0: Ball
2-0: Ball
3-0: Called Strike
3-1: Foul Ball, location: 2F
3-2: Base on Balls
Batting: RHB Ryan French 0-0: Fly out, F3 (Popup, 3SF)
Batting: LHB Dong-hwan Yun 0-0: Ball
1-0: Ball
2-0: Ball
3-0: Base on Balls
Daniel Riley to second
Batting: LHB Vladya Pugiev 0-0: Called Strike
0-1: Ball
Daniel Riley steals 3rd base
Dong-hwan Yun to second
1-1: Ball
2-1: Foul Ball, location: 2F
2-2: Ground out 4-3 (Groundball, 4)
Daniel Riley scores
Dong-hwan Yun to third
Batting: LHB Locke Lamora 0-0: Ball
1-0: Foul Ball, location: 2F
1-1: SINGLE (Line Drive, 56D)
Dong-hwan Yun scores
Batting: LHB Ned Durand 0-0: Ball
Locke Lamora is caught stealing 2nd base
Top of the 3rd over - 2 runs, 1 hit, 0 errors, 0 left on base; Ellenburg 2 - Pure Michigan 1
BOTTOM OF THE 3RD
Pure Michigan Great Lakers batting - Pitching for Ellenburg Fighting Dachsunds : RHP Addick Lubbers
Batting: RHB Ramiro Gonzáles 0-0: Ball
1-0: Called Strike
1-1: Foul Ball, location: 2F
1-2: Foul Ball, location: 2F
1-2: Fly out, F6 (Line Drive, 6)
Batting: LHB Yoichibei Sato 0-0: Ball
1-0: SINGLE (Flyball, 3D)
Batting: RHB Martín Alejadre 0-0: 2-RUN HOME RUN (Flyball, 7LD), Distance : 359 ft
Batting: LHB Josh Platt 0-0: Called Strike
0-1: Ball
1-1: Ball
2-1: Fly out, F7 (Flyball, 78D)
Batting: LHB Bartolo Benítez 0-0: Ball
1-0: Called Strike
1-1: Ground out 4-3 (Groundball, 4)
Bottom of the 3rd over - 2 runs, 2 hits, 0 errors, 0 left on base; Ellenburg 2 - Pure Michigan 3
TOP OF THE 4TH
Ellenburg Fighting Dachsunds batting - Pitching for Pure Michigan Great Lakers : RHP Doran Turchin
Batting: LHB Ned Durand 0-0: Ball
1-0: Ball
2-0: Ball
3-0: Base on Balls
Batting: RHB José Vázquez 0-0: Called Strike
0-1: Foul Ball, location: 2F
0-2: Fly out, F3 (Line Drive, 3)
Batting: RHB Manny Bendixen 0-0: Swinging Strike
0-1: Called Strike
0-2: Grounds into double play, 6-4-3 (Groundball, 6D)
Top of the 4th over - 0 runs, 0 hits, 0 errors, 0 left on base; Ellenburg 2 - Pure Michigan 3
BOTTOM OF THE 4TH
Pure Michigan Great Lakers batting - Pitching for Ellenburg Fighting Dachsunds : RHP Addick Lubbers
Batting: RHB Kenneth Noid 0-0: Ball
1-0: Ball
2-0: Ball
3-0: Called Strike
3-1: Swinging Strike
3-2: Fly out, F4 (Line Drive, 4)
Batting: LHB Floyd Long 0-0: Ball
1-0: Ball
2-0: Ball
3-0: Called Strike
3-1: SINGLE (Groundball, 4MD)
Batting: RHB Zong-yuan Fung 0-0: Swinging Strike
0-1: Ball
1-1: DOUBLE (Line Drive, 89D)
Floyd Long to third
Batting: LHB César Muñóz 0-0: Ball
1-0: Called Strike
1-1: Ball
2-1: Called Strike
2-2: Ball
3-2: Foul Ball, location: 2F
3-2: Foul Ball, location: 2F
3-2: Base on Balls
Batting: RHB Ramiro Gonzáles 0-0: Called Strike
0-1: Ball
1-1: Fly out, F7 (Flyball, 7LDF)
Runner from 3rd tags up, SCORES, no throw
Batting: LHB Yoichibei Sato 0-0: Ground out 4-3 (Groundball, 4MS)
Bottom of the 4th over - 1 run, 2 hits, 0 errors, 2 left on base; Ellenburg 2 - Pure Michigan 4
TOP OF THE 5TH
Ellenburg Fighting Dachsunds batting - Pitching for Pure Michigan Great Lakers : RHP Doran Turchin
Batting: RHB Francis Kelly 0-0: Ball
1-0: Ball
2-0: Foul Ball, location: 2F
2-1: Foul Ball, location: 2F
2-2: Ground out 6-3 (Groundball, 6M)
Batting: RHB Daniel Riley 0-0: Ball
1-0: Ball
2-0: Fly out, F9 (Flyball, 89D)
Batting: RHB Ryan French 0-0: Called Strike
0-1: Foul Ball, location: 2F
0-2: Ball
1-2: Strikes out swinging
Top of the 5th over - 0 runs, 0 hits, 0 errors, 0 left on base; Ellenburg 2 - Pure Michigan 4
BOTTOM OF THE 5TH
Pure Michigan Great Lakers batting - Pitching for Ellenburg Fighting Dachsunds : RHP Addick Lubbers
Batting: RHB Martín Alejadre 0-0: Called Strike
0-1: Ball
1-1: Ball
2-1: Foul Ball, location: 2F
2-2: Fly out, F7 (Flyball, 7S)
Batting: LHB Josh Platt 0-0: Ground out 1-3 (Groundball, P)
Batting: LHB Bartolo Benítez 0-0: Ball
1-0: Foul Ball, location: 2F
1-1: Ball
2-1: Foul Ball, location: 2F
2-2: Foul Ball, location: 2F
2-2: SINGLE (Line Drive, 89S)
Batting: RHB Kenneth Noid 0-0: Ball
1-0: Ball
2-0: Called Strike
Balk!
Bartolo Benítez to second
2-1: Called Strike
2-2: Ball
3-2: Single, Error in OF, E7, batter to second base
Bartolo Benítez scores
Batting: LHB Floyd Long 0-0: Called Strike
0-1: DOUBLE (Line Drive, 7LM)
Kenneth Noid scores
Batting: RHB Zong-yuan Fung 0-0: Called Strike
0-1: Called Strike
0-2: Ball
1-2: Fly out, F9 (Flyball, 9LD)
Bottom of the 5th over - 2 runs, 3 hits, 1 error, 1 left on base; Ellenburg 2 - Pure Michigan 6
TOP OF THE 6TH
Ellenburg Fighting Dachsunds batting - Pitching for Pure Michigan Great Lakers : RHP Doran Turchin
Batting: LHB Dong-hwan Yun 0-0: Called Strike
0-1: SINGLE (Flyball, 8RS)
Batting: LHB Vladya Pugiev 0-0: Ball
1-0: Called Strike
1-1: Ball
2-1: Swinging Strike
2-2: Ball
3-2: SINGLE (Groundball, 4MD)
Dong-hwan Yun to second
Batting: LHB Locke Lamora 0-0: Ball
1-0: Ball
2-0: Called Strike
2-1: Ball
3-1: Foul Ball, location: 2F
3-2: Foul Ball, location: 2F
3-2: Strikes out swinging
Batting: LHB Ned Durand 0-0: Called Strike
0-1: Ball
1-1: Called Strike
1-2: Strikes out swinging
Batting: RHB José Vázquez 0-0: Ball
1-0: Ball
2-0: SINGLE (Line Drive, 8LS)
Dong-hwan Yun to third
Vladya Pugiev to second
Runner from 3rd tries for Home, SAFE, no throw
Batting: RHB Manny Bendixen 0-0: Ball
1-0: Ball
2-0: Called Strike
2-1: Called Strike
2-2: Ball
3-2: Base on Balls
Vladya Pugiev to third
José Vázquez to second
Batting: RHB Francis Kelly 0-0: Ball
1-0: Swinging Strike
1-1: Ball
2-1: Ball
3-1: Called Strike
3-2: Strikes out swinging
Top of the 6th over - 1 run, 3 hits, 0 errors, 3 left on base; Ellenburg 3 - Pure Michigan 6
BOTTOM OF THE 6TH
Pure Michigan Great Lakers batting - Pitching for Ellenburg Fighting Dachsunds : RHP Addick Lubbers
Batting: LHB César Muñóz 0-0: Ball
1-0: Called Strike
1-1: Ball
2-1: Foul Ball, location: 2F
2-2: Strikes out swinging
Batting: RHB Ramiro Gonzáles 0-0: Ball
1-0: Foul Ball, location: 2F
1-1: Ground out 5-3 (Groundball, 56)
Batting: LHB Yoichibei Sato 0-0: Foul Ball, location: 2F
0-1: Swinging Strike
0-2: SINGLE (Line Drive, 89S)
Pitching: RHP Enrique Castillo
Batting: RHB Martín Alejadre 0-0: Ball
1-0: Called Strike
1-1: Ball
2-1: Foul Ball, location: 2F
2-2: Foul Ball, location: 2F
2-2: Foul Ball, location: 2F
2-2: Ball
3-2: Foul Ball, location: 2F
3-2: SINGLE (Groundball, 56) (infield hit)
Yoichibei Sato to second
Batting: LHB Josh Platt 0-0: Ball
1-0: Swinging Strike
1-1: Called Strike
1-2: Ball
2-2: Ball
3-2: Foul Ball, location: 2F
3-2: Base on Balls
Yoichibei Sato to third
Martín Alejadre to second
Batting: LHB Bartolo Benítez 0-0: Called Strike
0-1: SINGLE (Line Drive, 8LS)
Yoichibei Sato scores
Martín Alejadre to third
Josh Platt to second
Runner from 3rd tries for Home, SAFE, no throw
Batting: RHB Kenneth Noid 0-0: Ball
Wild Pitch!
Josh Platt to third
Bartolo Benítez to second
1-0: Ball
2-0: Ball
3-0: Called Strike
3-1: Swinging Strike
3-2: Base on Balls
Batting: LHB Floyd Long 0-0: Called Strike
0-1: Foul Ball, location: 2F
0-2: Ball
1-2: Ball
2-2: Foul Ball, location: 2F
2-2: Ball
3-2: Foul Ball, location: 2F
3-2: DOUBLE (Line Drive, 9LM)
Josh Platt scores
Bartolo Benítez scores
Kenneth Noid to third
Kenneth Noid scores
Pitching: RHP Rodger de Meza
Batting: RHB Zong-yuan Fung 0-0: Ball
1-0: Foul Ball, location: 2F
1-1: Swinging Strike
1-2: Ball
2-2: Foul Ball, location: 2F
2-2: Ball
3-2: Foul Ball, location: 2F
3-2: SINGLE (Line Drive, 56)
Floyd Long to third
Floyd Long scores
Batting: LHB César Muñóz 0-0: Called Strike
0-1: Ball
1-1: Swinging Strike
1-2: Strikes out swinging
Bottom of the 6th over - 6 runs, 5 hits, 0 errors, 1 left on base; Ellenburg 3 - Pure Michigan 12
TOP OF THE 7TH
Ellenburg Fighting Dachsunds batting - Pitching for Pure Michigan Great Lakers : RHP Doran Turchin
Batting: RHB Daniel Riley 0-0: Foul Ball, location: 2F
0-1: Ball
1-1: Ball
2-1: SINGLE (Groundball, 2R) (infield hit)
Batting: RHB Ryan French 0-0: Ball
1-0: Swinging Strike
1-1: Called Strike
1-2: Grounds into double play, 4-6-3 (Groundball, 4M)
Batting: LHB Dong-hwan Yun 0-0: Ball
1-0: Ball
2-0: Foul Ball, location: 2F
2-1: Ball
3-1: DOUBLE (Groundball, 3L)
Pitching: RHP Juan Villanueva
Batting: LHB Vladya Pugiev 0-0: Fly out, F8 (Flyball, 89D)
Top of the 7th over - 0 runs, 2 hits, 0 errors, 1 left on base; Ellenburg 3 - Pure Michigan 12
BOTTOM OF THE 7TH
Pure Michigan Great Lakers batting - Pitching for Ellenburg Fighting Dachsunds : RHP Rodger de Meza
Batting: RHB Ramiro Gonzáles 0-0: Called Strike
0-1: Ball
1-1: Foul Ball, location: 2F
1-2: Fly out, F7 (Flyball, 78D)
Batting: LHB Yoichibei Sato 0-0: Swinging Strike
0-1: Ground out 6-3 (Groundball, 6)
Batting: RHB Martín Alejadre 0-0: Fly out, F9 (Flyball, 9S)
Bottom of the 7th over - 0 runs, 0 hits, 0 errors, 0 left on base; Ellenburg 3 - Pure Michigan 12
TOP OF THE 8TH
Ellenburg Fighting Dachsunds batting - Pitching for Pure Michigan Great Lakers : RHP Juan Villanueva
Now at 2B: Jean Chamissa
Now in CF: Jesús Román
Batting: LHB Locke Lamora 0-0: Called Strike
0-1: Swinging Strike
0-2: Strikes out swinging
Batting: LHB Ned Durand 0-0: Called Strike
0-1: Ball
1-1: Swinging Strike
1-2: Ball
2-2: Strikes out swinging
Batting: RHB José Vázquez 0-0: Ball
1-0: Called Strike
1-1: Swinging Strike
1-2: Strikes out looking
Top of the 8th over - 0 runs, 0 hits, 0 errors, 0 left on base; Ellenburg 3 - Pure Michigan 12
BOTTOM OF THE 8TH
Pure Michigan Great Lakers batting - Pitching for Ellenburg Fighting Dachsunds : RHP Rodger de Meza
Batting: LHB Josh Platt 0-0: Ground out 4-3 (Groundball, 4S)
Batting: LHB Bartolo Benítez 0-0: Ball
1-0: Ground out 1-3 (Groundball, P)
Batting: RHB Kenneth Noid 0-0: Ball
1-0: Called Strike
1-1: Ground out 5-3 (Groundball, 5L)
Bottom of the 8th over - 0 runs, 0 hits, 0 errors, 0 left on base; Ellenburg 3 - Pure Michigan 12
TOP OF THE 9TH
Ellenburg Fighting Dachsunds batting - Pitching for Pure Michigan Great Lakers : RHP Juan Villanueva
Now at 1B: José López
Batting: RHB Manny Bendixen 0-0: Called Strike
0-1: SINGLE (Groundball, 56D)
Batting: RHB Francis Kelly 0-0: Ball
1-0: Swinging Strike
1-1: Ball
2-1: Ball
3-1: Base on Balls
Manny Bendixen to second
Batting: RHB Daniel Riley 0-0: Foul Ball, location: 2F
0-1: Grounds into double play, 1-6-3 (Groundball, 13)
Manny Bendixen to third
Batting: RHB Ryan French 0-0: Ball
1-0: Ball
2-0: Ball
3-0: Base on Balls
Batting: LHB Dong-hwan Yun 0-0: Called Strike
0-1: Ball
1-1: Swinging Strike
1-2: Ground out 4-3 (Groundball, 4)
Top of the 9th over - 0 runs, 1 hit, 0 errors, 2 left on base; Ellenburg 3 - Pure Michigan 12
Sunday, March 18th, 2018 - OOTP Baseball 18.8 Build 76